 Dungeon Crawl Stone Soup version 0.30-a0-702-gdf48620a09 (webtiles) character file.

Game seed: 16734039999337106065

80 Anon1729 the Ducker (level 4, 0/37 HPs)
             Began as a Merfolk Monk on Jan 21, 2023.
             Slain by a goblin
             ... wielding a +0 club
              (1 damage)
             ... on level 2 of the Dungeon.
             The game lasted 00:01:41 (1489 turns).

Anon1729 the Ducker (Merfolk Monk)                  Turns: 1489, Time: 00:01:41

Health: 0/37       AC:  3    Str: 11    XL:     4   Next: 39%
Magic:  4/4        EV: 14    Int:  9    God:
Gold:   61         SH:  0    Dex: 18    Spells: 3/3 levels left

rFire   . . .      SeeInvis .    e - +2 dagger (protect)
rCold   . . .      Faith    .    (no shield)
rNeg    . . .      Spirit   .    b - +0 robe
rPois   .          Reflect  .    k - +0 helmet
rElec   .          Harm     .    (no cloak)
rCorr   .          Rampage  .    (no gloves)
Will    .....                    (no boots)
Stlth   +++                      (no amulet)
HPRegen 0.26/turn                (no ring)
MPRegen 0.09/turn                (no ring)

@: no status effects
A: (nimble swimmer 2), mertail
a: no special abilities


You were on level 2 of the Dungeon.
You visited 1 branch of the dungeon, and saw 2 of its levels.

You collected 61 gold pieces.

Inventory:

Hand Weapons
 a - a +0 falchion
 e - a +2 dagger of protection (weapon)
Armour
 b - a +0 robe (worn)
 k - a +0 helmet (worn)
Scrolls
 f - a scroll of amnesia {unknown}
 g - a scroll of teleportation
 h - a scroll of blinking {unknown}
 i - a scroll of fear {unknown}
 m - a scroll of poison {unknown}
Potions
 c - a potion of ambrosia
 d - a potion of haste {unknown}
 j - 2 potions of heal wounds {unknown}
 l - 2 potions of brilliance {unknown}


   Skills:
 + Level 4.0 Fighting
 + Level 4.4 Long Blades
 + Level 4.8 Dodging
 + Level 3.2 Stealth


You had 3 spell levels left.
You didn't know any spells.
Your spell library contained the following spells:

 Spells                   Type           Power      Damage    Failure   Level
 Slow                     Hex            0%         N/A       38%         1
 Confusing Touch          Hex            0%         N/A       77%         3
 Vampiric Draining        Necr           0%         2d6       77%         3


Dungeon Overview and Level Annotations

Branches:
Dungeon (2/15)

Altars:
Cheibriados

Shops:
D:2 (

Annotations:
D:1 Terence


Innate Abilities, Weirdness & Mutations

((You are very nimble when in or above water. (Stealth+, EV+, Speed+++)))
Your lower body shifts to a powerful aquatic tail in water.


Message History

The worm is almost dead.
The worm bites you!
You hit the worm.
The worm is almost dead.
The worm bites you.
You are too injured to fight recklessly!
You are too injured to fight recklessly!
You are too injured to fight recklessly!
You are too injured to fight recklessly!
You are too injured to fight recklessly!
You are too injured to fight recklessly!
You are too injured to fight recklessly!
A worm is nearby!
A worm is nearby!
You hit the worm.
The worm is almost dead.
You completely miss the worm.
The worm is almost dead.
You hit the worm.
You kill the worm!
Your Fighting skill increases to level 4!
You see here a worm corpse.
A goblin comes into view. It is wielding a +0 club.
The goblin unwields a +0 club.
The goblin wields a +0 sling.
The goblin shoots a sling bullet.
The sling bullet closely misses you.
A goblin is nearby!
A goblin is nearby!
The goblin shoots a sling bullet.
The sling bullet closely misses you.
A goblin is nearby!
The goblin shoots a sling bullet.
The sling bullet hits you.
* * * LOW HITPOINT WARNING * * *
A goblin is nearby!
The goblin shoots a sling bullet.
The sling bullet hits you.
* * * LOW HITPOINT WARNING * * *
The goblin shoots a sling bullet.
The sling bullet hits you.
* * * LOW HITPOINT WARNING * * *
The goblin shoots a sling bullet.
The sling bullet closely misses you.
The goblin unwields a +0 sling.
The goblin wields a +0 club.
The goblin hits you with a +0 club.
You die...

######
....##
##...## #
##....g## #.
#....@..#
#.###.....##
#.###....#
#...#.#.####
.##.#
##..........
#.....
#.#.##.####
#.....
#.#†##.#
.....#
#......#
#.....
###.####
#..#.#


You could see a goblin.

Vanquished Creatures
  Robin (D:2)
  An adder (D:2)
  2 worms
  3 dart slugs
  6 endoplasms
  4 giant cockroaches (D:2)
  4 hobgoblins
  A quokka (D:1)
  3 ball pythons
  2 bats
  A frilled lizard (D:2)
  11 goblins
  3 kobolds (D:1)
  6 rats
48 creatures vanquished.

Notes
Turn   | Place    | Note
-------+----------+-------------------------------------------
     0 | D:1      | Anon1729 the Merfolk Monk began the quest for the Orb.
     0 | D:1      | Reached XP level 1. HP: 18/18 MP: 1/1
   106 | D:1      | Reached XP level 2. HP: 24/24 MP: 2/2
   736 | D:2      | Noticed Robin
   736 | D:2      | Found a snail-covered altar of Cheibriados.
   737 | D:2      | Noticed Terence
   757 | D:1      | Reached XP level 3. HP: 17/29 MP: 3/3
  1141 | D:2      | Killed Robin
  1252 | D:2      | Found Zuung's Weapon Boutique.
  1279 | D:2      | Reached XP level 4. HP: 37/37 MP: 4/4
  1487 | D:2      | HP: 1/37 [goblin/sling bullet (6)]
  1489 | D:2      | Slain by a goblin

Illustrated notes

Levels and vault maps discovered:
D:1:      minmay_arrival_four_loops, layout_basic
D:2:      layout_loops_cross, serial_shops, shop, basic_altar, uniq_robin,
          uniq_terence

Skill      XL: |  1  2  3  4 |
---------------+-------------+-----
Long Blades    | 4 |  4.4
Stealth        | 3 |  3.2
Fighting       | 4 |  4.0
Dodging        | |  4.8

Action                   |  1- 3 |  4- 6 || total
-------------------------+-------+-------++-------
Melee: Falchion          |    18 |       ||    18
       Dagger            |    94 |    38 ||   132
       Punch             |     1 |       ||     1
  Use: Scroll            |     1 |       ||     1
 Stab: Sleeping          |     4 |     2 ||     6
Armor: Robe              |    32 |    11 ||    43
Dodge: Dodged            |    69 |    18 ||    87

Table legend: (Time is in decaauts)
 A = Elapsed time spent in this place.
 B = Non-inter-level travel time spent in this place.
 C = Inter-level travel time spent in this place.
 D = Time resting spent in this place.
 E = Time spent auto-exploring this place.
 F = Levels seen in this place.
 G = Mean time per level.
                   A        B        C        D        E       F      G
               +--------+--------+--------+--------+--------+-----+--------+
         Total |   1479 |   1392 |     87 |    204 |    878 |   2 |  739.5 |
       Dungeon |   1479 |   1392 |     87 |    204 |    878 |   2 |  739.5 |
               +--------+--------+--------+--------+--------+-----+--------+

Top non-repeatable levels by time:
     D:1: 1107 daAuts
     D:2: 371 daAuts
